 Dungeon Crawl Stone Soup version 0.29-a0-422-gafbd6decc1 (webtiles) character file.

Game seed: 9794027760732560557

448794 ders the Sorcerer (level 25, -10/206 HPs)
             Began as a Djinni Conjurer on May 16, 2022.
             Was the Champion of Ashenzari.
             Killed from afar by a frost giant (14 damage)
             ... with a bolt of cold
             ... on level 5 of the Vaults on May 18, 2022.
             The game lasted 01:56:10 (65030 turns).

ders the Sorcerer (Djinni Conjurer)                Turns: 65030, Time: 01:56:11

Health: -10/206    AC: 21    Str:  6    XL:     25   Next: 45%
Gold:   4286       EV:  8    Int: 38    God:    Ashenzari [******] SH: 14 Dex: 17

rFire   + + +      SeeInvis +   l - staff of air (curse) {Self, Cun}
rCold   + . .      Faith    .   J - +0 buckler of the Lashed Pleiades {rF+ Regen+, Evo, Self} (curse)
rNeg    + . .      Spirit   .   A - +2 chain mail "Ennui of Ashenzari" {rPois Regen+ rCorr, Melee, Self} (curse)
rPois   ∞          Reflect  +   M - -2 hat of the Alchemist {rElec rPois rF+ rC+ rN+ Will+ rMut rCorr, Self, Fort} (curse)
rElec   +          Harm     .   t - +2 cloak "I Knew You'd Do That" {Stlth+, Self, Fort} (curse)
rCorr   +          Rampage  .   f - +0 pair of gloves of Desmomancy {Self, Range} (curse)
rMut    +          Clarity  +   (boots unavailable)
Will    +++..                   U - amulet of the Mantic Seer {Reflect SH+5, Fort, Self} (curse)
Stlth   ++++++++..              W - ring of Shadows {Umbra +Inv Stlth+, Self, Melee} (curse)
HPRegen 2.04/turn               Q - ring "Gaze Upon Infinity" {Ice Int+8 Dex+3, Self, Melee} (curse)
MPRegen 0.00/turn

@: flying, wreathed by umbra, studying 2 skills, unable to drink
A: sickness immunity, fire resistance 2, cold vulnerability 1, float, innate
caster, HP casting, extra vitality 1, subdued magic 1
}: 2/15 runes: serpentine, barnacled
a: Renounce Religion, Evoke Invisibility, Shatter the Chains


You were on level 5 of the Vaults.
You worshipped Ashenzari.
Ashenzari was exalted by your worship.
You visited 10 branches of the dungeon, and saw 43 of its levels.
You also visited: Ossuary, Ice Cave and Wizlab.

You collected 7335 gold pieces.
You spent 3049 gold pieces at shops.

Inventory:

Hand Weapons
 X - the +9 staff of Wucad Mu {*channel}
   (You found it in a wizard's laboratory)

   It occasionally powers its wielder's spells, but with a chance of causing
   confusion or draining the wielder's intelligence.
   It becomes more likely to activate and less likely to backfire with increased
   Evocations skill.
Armour
 f - the cursed +0 pair of gloves of Desmomancy (worn) {Self, Range}
   (You found it on level 2 of the Dungeon)

   It has a curse which improves the following skills: Introspection: Fighting
   and Spellcasting.
   Ranged Combat: Slings, Bows, Crossbows and Throwing.
 t - the cursed +2 cloak "I Knew You'd Do That" (worn) {Stlth+, Self, Fort}
   (You found it on level 5 of the Dungeon)

   It has a curse which improves the following skills: Introspection: Fighting
   and Spellcasting.
   Fortitude: Armour and Shields.
 A - the cursed +2 chain mail "Ennui of Ashenzari" (worn) {rPois Regen+ rCorr, Melee, Self}
   (You bought it in a shop on level 1 of the Shoals)

   rPois:     It protects you from poison.
   Regen:     It increases your rate of health regeneration.
   rCorr:     It protects you from acid and corrosion.
   It has a curse which improves the following skills: Melee Combat: Short
   Blades, Long Blades, Axes, Maces & Flails, Polearms, Staves and Unarmed
   Combat.
   Introspection: Fighting and Spellcasting.
 J - the cursed +0 buckler of the Lashed Pleiades (worn) {rF+ Regen+, Evo, Self}
   (You bought it in a shop on level 2 of the Snake Pit)

   rF:        It protects you from fire.
   Regen:     It increases your rate of health regeneration.
   It has a curse which improves the following skills: Evocations: Evocations.
   Introspection: Fighting and Spellcasting.
 M - the cursed -2 hat of the Alchemist (worn) {rElec rPois rF+ rC+ rN+ Will+ rMut rCorr, Self, Fort}
   (You bought it in a shop on level 1 of the Dungeon)

   rF:        It protects you from fire.
   rC:        It protects you from cold.
   rElec:     It insulates you from electricity.
   rPois:     It protects you from poison.
   rN:        It protects you from negative energy.
   rCorr:     It protects you from acid and corrosion.
   rMut:      It protects you from mutation.
   Will:      It increases your willpower.
   It has a curse which improves the following skills: Introspection: Fighting
   and Spellcasting.
   Fortitude: Armour and Shields.
Magical Staves
 l - a cursed staff of air (weapon) {Self, Cun}
Jewellery
 u - a +6 ring of dexterity
 Q - the cursed ring "Gaze Upon Infinity" (right hand) {Ice Int+8 Dex+3, Self, Melee}
   (You found it in an ice cave)

   [ring of ice]

   It enhances your ice magic.
   Int:       It affects your intelligence (+8).
   Dex:       It affects your dexterity (+3).
   rF:        It makes you vulnerable to fire.
   rC:        It protects you from cold.
   It has a curse which improves the following skills: Introspection: Fighting
   and Spellcasting.
   Melee Combat: Short Blades, Long Blades, Axes, Maces & Flails, Polearms,
   Staves and Unarmed Combat.
 S - a +6 ring of intelligence
 T - a +4 ring of evasion
 U - the cursed amulet of the Mantic Seer (around neck) {Reflect SH+5, Fort, Self}
   (You bought it in a shop on level 1 of the Orcish Mines)

   [amulet of reflection]

   It reflects blocked missile attacks.
   SH:        It affects your SH (+5).
   It has a curse which improves the following skills: Fortitude: Armour and
   Shields.
   Introspection: Fighting and Spellcasting.
 W - the cursed ring of Shadows (left hand) {Umbra +Inv Stlth+, Self, Melee}
   (You found it in an ice cave)

   [ring of stealth]

   It surrounds you with an aura of shadow, increasing your stealth and reducing
   the accuracy of all others within it.
   +Inv:      It lets you turn invisible.
   Stlth:     It makes you more stealthy.
   It has a curse which improves the following skills: Introspection: Fighting
   and Spellcasting.
   Melee Combat: Short Blades, Long Blades, Axes, Maces & Flails, Polearms,
   Staves and Unarmed Combat.
 Y - a ring of protection from cold
 Z - the amulet "Keuwewog" {Spirit Regen+ MP-9 Int+9}
   (You found it on level 4 of the Vaults)

   [amulet of guardian spirit]

   It causes incoming damage to be divided between your reserves of health and
   magic.
   Int:       It affects your intelligence (+9).
   MP:        It affects your magic capacity (-9).
   Regen:     It increases your rate of health regeneration.
Wands
 b - a wand of iceblast (43)
 p - a wand of flame (62)
 w - a wand of digging (27)
 x - a wand of charming (18)
 K - a wand of acid (16)
 L - a wand of paralysis (14)
 O - a wand of polymorph (16)
 V - a wand of mindburst (23)
Scrolls
 c - 10 scrolls of amnesia
 d - 7 scrolls of fear
 e - 16 scrolls of teleportation
 g - 2 scrolls of fog
 i - 5 scrolls of brand weapon
 m - 6 scrolls of enchant armour
 o - 5 scrolls of blinking
 q - 5 scrolls of enchant weapon
 v - 2 scrolls of silence
 y - 3 scrolls of summoning
 z - 3 scrolls of torment
 C - 8 scrolls of poison
 D - 12 scrolls of immolation
 H - 6 scrolls of vulnerability
Potions
 a - 3 potions of haste
 h - 7 potions of attraction
 j - 6 potions of might
 k - 7 potions of berserk rage
 n - 5 potions of heal wounds
 r - 5 potions of lignification
 s - 4 potions of cancellation
 E - 12 potions of curing
 F - 4 potions of brilliance
 G - 9 potions of mutation
 I - a potion of resistance
 N - 6 potions of ambrosia
Miscellaneous
 B - a phantom mirror
 R - a condenser vane


   Skills:
 + Level 14.0(24.7) Fighting
 + Level 15.6(20.6) Armour
 * Level 12.9(15.5) Dodging
 + Level 13.0(15.6) Stealth
 + Level 14.0(19.1) Shields
 - Level 23.2(27) Spellcasting


You had 3 spell levels left.
You knew the following spells:

 Your Spells              Type           Power      Damage    Failure   Level
a - Ozocubu's Refrigerat  Ice            69%        4d18      1%          7
b - Airstrike             Air            69%        N/A       0%          4
c - Dazzling Flash        Conj/Hex       100%       N/A       0%          3
d - Fulminant Prism       Conj/Hex       57%        3d25      0%          4
e - Iskenderun's Mystic   Conj/Tloc      100%       2d19      0%          4
f - Freeze                Ice            100%       1d11      0%          1
g - Wereblood             Tmut           100%       N/A       0%          2
h - Summon Guardian Gole  Hex/Summ       100%       N/A       0%          3
i - Searing Ray           Conj           100%       2d8       0%          2
j - Agony                 Necr           100%       N/A       0%          5
k - Yara's Violent Unrav  Hex/Tmut       57%        3d22      0%          5
l - Simulacrum            Ice/Necr       69%        N/A       0%          6
m - Starburst             Conj/Fire      57%        6d15      0%          6
n - Magic Dart            Conj           100%       1d8       0%          1
o - Orb of Destruction    Conj           57%        9d14      1%          7
p - Monstrous Menagerie   Summ           57%        N/A       1%          7
q - Borgnjor's Revivific  Necr           57%        N/A       1%          8
Your spell library was empty.

Dungeon Overview and Level Annotations

Branches:
Dungeon (15/15)            Temple (1/1) D:5            Lair (6/6) D:10
 Shoals (4/4) Lair:3        Snake (4/4) Lair:3        Slime (2/5) Lair:6
    Orc (2/2) D:10            Elf (3/3) Orc:2        Vaults (5/5) D:13
  Crypt (0/3) Vaults:3     Depths (1/4) D:15        Ossuary (visited)
  IceCv (visited)          WizLab (visited)

Altars:
Ashenzari
Cheibriados
Dithmenos
Elyvilon
Fedhas
Gozag
Hepliaklqana
Kikubaaqudgha
Makhleb
Nemelex Xobeh
Okawaru
Qazlal
Ru
Sif Muna
Trog
Uskayaw
Vehumet
Wu Jian
Xom
Yredelemnul
Zin
The Shining One
Beogh
Jiyva

Shops:
D:1 [   D:12 *   Orc:1 *   Orc:2 *(?:   Elf:1 [   Elf:2 *(   Elf:3 !
Shoals:1 [*   Shoals:3 *   Snake:2 *   Vaults:3 *

Portals:
Pandemonium: Orc:2

Annotations:
D:10 1 runed translucent door, SirDiesAlot's ghost, journeyman DEFE
Lair:3 1 runed translucent door, Paumuiqi's ghost, journeyman DjCj
Snake:2 Vashnia
Elf:2 3 runed translucent doors


Innate Abilities, Weirdness & Mutations

You are immune to sickness and miasma.
You are immune to poison.
Your flesh is very heat resistant. (rF++)
You are vulnerable to cold. (rC-)
You float through the air rather than walking.
You learn spells naturally, not from books.
Your magical power is your life essence.
You have superior vitality. (+4 MHP)
Your spells are a little easier to cast, but a little less powerful.


Message History

The lich resists.
You destroy the lich!
* * * LOW HITPOINT WARNING * * *
Your base Fighting skill increases to level 14!
The entropy weaver changes into a spark wasp!
The frost giant casts a spell at you. The bolt of cold hits you! You resist.
* * * LOW HITPOINT WARNING * * *
Unknown command.
Casting: Ozocubu's Refrigeration (mildly dangerous; 1% risk of failure)
Confirm with . or Enter, or press ? or * to list all spells.
You feel a surge of power!
The heat is drained from your surroundings.
You feel very cold.
The white very ugly thing, the spark wasp and the frost giant are frozen.
The white very ugly thing resists.
The white very ugly thing is heavily wounded.
The spark wasp is heavily wounded.
The frost giant resists.
The frost giant is almost dead.
* * * LOW HITPOINT WARNING * * *
Unknown command.
Casting: Ozocubu's Refrigeration (mildly dangerous; 1% risk of failure)
Confirm with . or Enter, or press ? or * to list all spells.
You erupt in a blast of force!
The mystic blast hits the spark wasp!
The spark wasp is severely wounded.
The spark wasp is knocked back by the mystic blast.
The spark wasp slams into the heavily etched metal wall!
The spark wasp is almost dead.
The mystic blast hits the frost giant!
The frost giant is almost dead.
The frost giant is knocked back by the mystic blast.
* * * LOW HITPOINT WARNING * * *
You block the spark wasp's attack.
The titan waves its arms in wide circles.
The air twists around and strikes you!!!
* * * LOW HITPOINT WARNING * * *
The frost giant gestures at you while chanting.
The bolt of cold hits you! You resist.
You die...

,*, *#......##......###....##., ,
...##....÷.##....#....##.
∆,,...##......##(...#....#.. ∆
,.......##......###....#.., , ,*∆
.......##......###....#.. ,,
,*.,*#..........##....#....##.,
..##........[.##....#....##...^ ,
......##......y...###[...##....
*......##......@)).###..[.##....
, #......##..)...(.#....##.... ,
*#[...C.##..).C...#....#.....
,*≈≈).G.##......##.u..#....#.....
, .≈....##......##..)....[[.k...#
*###################p.C[[[[C####
, , ,, ,, ..........[<<[[..... ,
, ,,, ,,.......(..p[[<...... ,,,
, ,, ,, ..........[<<[.[....


You could see a titan, a frost giant, a white very ugly thing, 2 vault wardens
and a spark wasp shaped shifter.

Vanquished Creatures
  Jorgrun (Orc:1)
  Rupert (D:14)
  Mlioglotl (Snake:2)
  A lich (Vaults:5)
  Asterion (Snake:2)
  Zenata (Vaults:2)
  A titan (Vaults:5)
  3 deep elf blademasters
  2 quicksilver dragons (Vaults:5)
  2 acid blobs (Slime:1)
  A deep elf master archer (Elf:3)
  2 sphinxes
  An ancient champion (Elf:2)
  Frances (Shoals:2)
  Agnes (D:14)
  A tengu reaver (Vaults:5)
  Kirke (Lair:5)
  A shadow dragon (Vaults:5)
  9 nagarajas
  Ilsuiw (Shoals:3)
  5 azure jellies
  Donald (Vaults:4)
  An emperor scorpion (D:15)
  2 frost giants (Vaults:5)
  Louise (Snake:2)
  Aizul (Snake:2)
  7 deep elf sorcerers (Elf:3)
  An iron dragon (Vaults:5)
  A fire giant (Vaults:5)
  12 vault wardens
  A draconian knight (IceCv)
  17 ironbound preservers
  4 deep elf elementalists (Elf:3)
  A curse skull (Elf:2)
  A ghoul (Vaults:3)
  11 very ugly things
  2 war gargoyles
  6 stone giants
  8 ironbound thunderhulks
  5 deep elf demonologists
  An entropy weaver (shapeshifter) (Vaults:5)
  9 deep elf annihilators
  A vampire knight (Vaults:3)
  4 entropy weavers
  17 dire elephants
  Azrael (D:13)
  5 white draconians (IceCv)
  An eidolon (Elf:2)
  3 ettins
  9 deep elf death magi
  Josephine (D:15)
  6 merfolk javelineers
  4 spectral elves (Elf:2)
  2 fire dragons
  16 yaktaur captains
  4 merfolk impalers
  Fannar (Orc:1)
  Erolcha (D:11)
  6 deep elf high priests
  3 salamander tyrants (Snake:4)
  3 great orbs of eyes
  3 boulder beetles
  2 ice dragons
  A spriggan air mage (Depths:1)
  39 vault guards
  2 ogre magi
  7 hydras
  A catoblepas (D:13)
  A peacekeeper (Vaults:3)
  9 anacondas
  2 demonspawn (Orc:2)
  A merfolk aquamancer (Shoals:3)
  Erica (D:9)
  24 centaur warriors
  6 ironbound frosthearts
  10 dancing weapons
  3 merfolk avatars
  7 two-headed ogres
  14 naga warriors
  8 death yaks (Lair:4)
  2 satyrs
  A spriggan berserker (Depths:1)
  3 vampire magi
  8 naga sharpshooters
  6 orc high priests (Orc:2)
  5 shock serpents
  2 tengu warriors (D:13)
  9 deep elf knights
  Nergalle (Orc:1)
  A spriggan (Depths:1)
  8 hell knights (Vaults:4)
  2 salamander mystics
  Amaemon (Lair:3)
  10 sea snakes
  A fire crab (shapeshifter) (D:15)
  Lodul (D:10)
  6 skeletal warriors
  A sixfirhy (Orc:2)
  4 naga ritualists
  A deep troll (shapeshifter) (Vaults:5)
  3 elf simulacra (Elf:2)
  The ghost of JumbleTraveling the Basher, a novice GrBe of Trog (D:7)
  48 deep trolls
  A swamp dragon (Lair:6)
  A glowing orange brain (Vaults:4)
  A phantasmal warrior (Vaults:4)
  A harpy (shapeshifter) (D:13)
  11 deep elf archers
  3 lindwurms
  2 orange crystal statues
  13 harpies
  6 wizards
  4 necromancers
  14 ironbound convokers
  8 mana vipers
  3 oklob plants
  20 deep elf zephyrmancers
  A stone giant zombie (Vaults:4)
  23 deep elf pyromancers
  20 fauns
  4 orc knights (Orc:2)
  2 wolf spiders
  8 cyclopes
  23 manticores
  7 orc sorcerers
  2 shining eyes
  A frost giant zombie (Vaults:4)
  A manticore (shapeshifter) (D:10)
  42 ugly things
  10 salamanders
  A cyclops (shapeshifter) (Depths:1)
  A stone giant skeleton (Vaults:4)
  A guardian serpent (shapeshifter) (D:13)
  18 elephants
  8 guardian serpents
  17 black mambas
  10 merfolk sirens
  19 vault sentinels
  13 cane toads
  5 water nymphs
  A water nymph (shapeshifter) (D:15)
  11 naga magi
  5 gargoyles
  A torpor snail (Lair:4)
  An orange demon (Lair:3)
  4 storm dragon simulacra (IceCv)
  2 unseen horrors
  Maggie (Lair:2)
  Psyche (D:9)
  10 rime drakes
  28 yaktaurs
  An elf skeleton (Vaults:4)
  13 komodo dragons
  An entropy weaver simulacrum (Lair:4)
  A tengu conjurer (Depths:1)
  An efreet (D:14)
  7 golden dragon simulacra (IceCv)
  2 ice devils
  An anaconda simulacrum (Lair:4)
  A red devil (Orc:2)
  4 trolls
  10 wind drakes
  3 harpy zombies (Shoals:1)
  A hornet (Depths:1)
  A polar bear (shapeshifter) (Elf:1)
  6 snapping turtles
  4 polar bears
  A dream sheep (shapeshifter) (Elf:1)
  7 dream sheep
  A tarantella (Vaults:1)
  28 merfolk
  12 blink frogs
  A fire giant simulacrum (Vaults:4)
  43 slime creatures
  An ettin zombie (Vaults:4)
  A jumping spider (shapeshifter) (D:13)
  Sigmund (D:4)
  2 vampires
  A flying skull (Elf:2)
  7 water elementals
  A hog (shapeshifter) (D:13)
  40 yaks
  7 wraiths
  3 wyverns
  8 basilisks
  A neqoxec (Orc:2)
  A golden eye (shapeshifter) (D:14)
  10 golden eyes
  4 steam dragons
  6 hogs (Lair:5)
  6 fire elementals
  3 large abominations (Elf:1)
  6 redbacks
  7 vampire mosquitoes
  42 nagas
  2 acid dragons
  2 wargs (Orc:1)
  An ice beast (D:8)
  17 water moccasins
  6 hell hounds (D:13)
  2 swamp drakes (Lair:6)
  37 orc warriors
  3 black bears
  5 ice dragon simulacra (IceCv)
  4 boggarts
  14 ogres
  25 wolves
  14 centaurs
  A phantom (D:6)
  3 elf zombies
  3 necrophages
  2 kobold brigands
  11 bullfrogs
  A cane toad simulacrum (Lair:4)
  A two-headed ogre simulacrum (Lair:4)
  3 scorpions
  2 human skeletons (Vaults:4)
  14 wights
  5 lindwurm simulacra (IceCv)
  An elephant simulacrum (Lair:4)
  12 killer bees (D:8)
  4 howler monkeys
  6 electric eels (D:6)
  4 crimson imps (D:5)
  2 human zombies
  2 hounds
  27 orc priests
  A jelly (D:7)
  A gnoll shaman (Lair:4)
  Jessica (D:2)
  13 iguanas
  A polar bear simulacrum (Lair:4)
  13 hell rats
  23 orc wizards
  3 mummies (Ossuary)
  A naga simulacrum (Lair:4)
  11 gnolls
  4 adders
  An ufetubus (D:5)
  3 worms (D:2)
  6 dart slugs
  86 orcs
  4 ball pythons
  2 bats (D:3)
  A bat zombie (Shoals:1)
  8 endoplasms
  2 giant cockroaches
  A gnoll zombie (Ossuary)
  9 goblins
  6 hobgoblins
  4 jackals (D:1)
  12 kobolds
  6 quokkas
  3 frilled lizards
  2 hobgoblin zombies (Ossuary)
  4 kobold zombies (Ossuary)
  An orc zombie (Ossuary)
  6 rats
  A spectral goblin (D:12)
  6 bushes (Shoals:3)
  3 fulminant prisms
  A lost soul (Elf:2)
1669 creatures vanquished.

Vanquished Creatures (collateral kills)
  A sphinx (Vaults:3)
  A yaktaur captain (Vaults:4)
  A yaktaur (Vaults:4)
3 creatures vanquished.

Vanquished Creatures (others)
  A storm dragon (Vaults:5)
  A frost giant (Vaults:5)
  A human (Lair:5)
  An orc (Orc:1)
  215 fulminant prisms
  43 fungi
  A lost soul (Elf:2)
  265 plants
528 creatures vanquished.

Grand Total: 2200 creatures vanquished

Notes
Turn   | Place    | Note
-------+----------+-------------------------------------------
     0 | D:1      | ders the Djinni Conjurer began the quest for the Orb.
     0 | D:1      | Reached XP level 1. HP: 15/15 MP: 0/0
   209 | D:1      | Reached XP level 2. HP: 13/21 MP: 0/0
   643 | D:1      | Found a faded altar of an unknown god.
   829 | D:1      | Reached XP level 3. HP: 23/25 MP: 0/0
   829 | D:1      | Learned a level 1 spell: Freeze
   985 | D:1      | Found Lenishe's Armour Boutique.
   991 | D:1      | Reached skill level 4 in Spellcasting
  1426 | D:2      | Noticed Jessica
  1429 | D:2      | Killed Jessica
  1430 | D:2      | Reached XP level 4. HP: 27/31 MP: 0/0
  1657 | D:2      | Upgraded the game from 0.29-a0-416-g83a48905f1 to
                  | 0.29-a0-418-gc0181ea820
  2019 | D:2      | Reached XP level 5. HP: 31/35 MP: 0/0
  2019 | D:2      | Learned a level 2 spell: Wereblood
  2418 | D:3      | Reached skill level 5 in Spellcasting
  2960 | D:3      | Reached XP level 6. HP: 32/40 MP: 0/0
  3267 | D:3      | Found an opulent altar of Gozag.
  3822 | D:4      | Noticed a black bear
  3831 | D:4      | Killed a black bear
  3994 | D:4      | Noticed a black bear
  4000 | D:4      | Killed a black bear
  4001 | D:4      | Reached skill level 6 in Spellcasting
  4001 | D:4      | Reached XP level 7. HP: 37/45 MP: 0/0
  4001 | D:4      | Learned a level 3 spell: Summon Guardian Golem
  4656 | D:4      | Noticed Sigmund
  4668 | D:4      | Killed Sigmund
  4669 | D:4      | Reached skill level 7 in Spellcasting
  4669 | D:4      | Reached XP level 8. HP: 26/50 MP: 0/0
  5201 | D:5      | Entered Level 5 of the Dungeon
  5201 | D:5      | Found a staircase to the Ecumenical Temple.
  5231 | Temple   | Entered the Ecumenical Temple
  5363 | Temple   | Became a worshipper of Ashenzari the Shackled
  5645 | D:5      | Found a shimmering altar of Xom.
  5804 | D:5      | Reached skill level 8 in Spellcasting
  6224 | D:5      | Found a snail-covered altar of Cheibriados.
  6238 | D:5      | Reached XP level 9. HP: 45/55 MP: 0/0
  6238 | D:5      | Learned a level 4 spell: Airstrike
  6717 | D:6      | Reached skill level 9 in Spellcasting
  6983 | D:6      | Found a stormy altar of Qazlal.
  7625 | D:7      | Found a runed translucent gate.
  7625 | D:7      | Found a runed translucent gate.
  7626 | D:7      | Found a runed translucent gate.
  7626 | D:7      | Found an opulent altar of Gozag.
  7627 | D:7      | Noticed a slime creature
  7673 | D:7      | Found a sand-covered staircase.
  7681 | Ossuary  | Entered an ossuary
  7962 | Ossuary  | Reached skill level 10 in Spellcasting
  8929 | D:7      | Reached XP level 10. HP: 54/60 MP: 0/0
  9196 | D:7      | Reached skill level 11 in Spellcasting
  9726 | D:7      | Noticed JumbleTraveling's ghost (novice GrBe)
  9945 | D:7      | Killed JumbleTraveling's ghost
 10469 | D:8      | Noticed a two-headed ogre
 10850 | D:8      | Killed a two-headed ogre
 10851 | D:8      | Reached skill level 12 in Spellcasting
 11301 | D:8      | Reached XP level 11. HP: 54/65 MP: 0/0
 11301 | D:8      | Learned a level 5 spell: Agony
 12123 | D:8      | Reached * piety under Ashenzari
 12332 | D:9      | Noticed a two-headed ogre
 12337 | D:9      | Killed a two-headed ogre
 12338 | D:9      | Reached skill level 13 in Spellcasting
 12556 | D:9      | Noticed a white ugly thing
 12560 | D:9      | Killed a white ugly thing
 12723 | D:9      | Noticed Psyche
 12727 | D:9      | Killed Psyche
 13111 | D:9      | Noticed Erica
 13115 | D:9      | Killed Erica
 14023 | D:10     | Entered Level 10 of the Dungeon
 14023 | D:10     | Noticed SirDiesAlot's ghost (journeyman DEFE)
 14023 | D:10     | Identified the Volume of Clay
 14023 | D:10     | Found a runed translucent door.
 14056 | D:10     | Found a staircase to the Lair.
 14412 | D:10     | Noticed Lodul
 14418 | D:10     | Killed Lodul
 14419 | D:10     | Reached skill level 14 in Spellcasting
 15262 | D:10     | Reached XP level 12. HP: 51/70 MP: 0/0
 16281 | D:10     | Found a staircase to the Orcish Mines.
 16710 | Lair:1   | Entered Level 1 of the Lair of Beasts
 16787 | Lair:1   | Reached skill level 15 in Spellcasting
 17757 | Lair:1   | Reached ** piety under Ashenzari
 18875 | Lair:2   | Noticed Maggie
 18875 | Lair:2   | Paralysed by Maggie for 5 turns
 18884 | Lair:2   | Killed Maggie
 19326 | Lair:2   | Reached skill level 16 in Spellcasting
 19326 | Lair:2   | Reached XP level 13. HP: 52/75 MP: 0/0
 19326 | Lair:2   | Learned a level 5 spell: Yara's Violent Unravelling
 19892 | D:1      | Bought the -2 hat of the Alchemist {rElec rPois rF+ rC+ rN+
                  | Will+ rMut rCorr} for 472 gold pieces
 19892 | D:1      | Found the -2 hat of the Alchemist {rElec rPois rF+ rC+ rN+
                  | Will+ rMut rCorr}
 20186 | Lair:3   | Noticed Amaemon
 20197 | Lair:3   | Killed Amaemon
 20697 | Lair:3   | Found a staircase to the Snake Pit.
 21491 | Lair:3   | Found a staircase to the Shoals.
 21574 | Lair:3   | Found a runed translucent door.
 21742 | Lair:3   | HP: 2/75 [black mamba (3)]
 21749 | Lair:3   | Reached skill level 17 in Spellcasting
 22111 | Lair:3   | Found the +8 whip "Snakebite" {venom, curare, rPois}
 22372 | Lair:3   | Identified the +7 trident of Foefeij {venom, rPois rC+}
 22373 | Lair:3   | Noticed Paumuiqi's ghost (journeyman DjCj)
 24452 | Lair:4   | Noticed a seven-headed hydra
 24456 | Lair:4   | Killed a seven-headed hydra
 24832 | Lair:4   | Reached XP level 14. HP: 27/80 MP: 0/0
 25668 | Lair:4   | Reached skill level 18 in Spellcasting
 27471 | Lair:5   | Noticed Kirke
 27483 | Lair:5   | Killed Kirke
 29223 | Lair:6   | Entered Level 6 of the Lair of Beasts
 29230 | Lair:6   | Reached skill level 19 in Spellcasting
 29569 | Lair:6   | Found a viscous altar of Jiyva.
 29570 | Lair:6   | Found a staircase to the Slime Pits.
 29951 | Lair:6   | Reached XP level 15. HP: 10/85 MP: 0/0
 29951 | Lair:6   | Learned a level 6 spell: Simulacrum
 32001 | Lair:6   | Reached *** piety under Ashenzari
 32292 | Orc:1    | Entered Level 1 of the Orcish Mines
 32292 | Orc:1    | Noticed Fannar
 32303 | Orc:1    | Killed Fannar
 32538 | Orc:1    | Noticed Nergalle
 32861 | Orc:1    | Killed Nergalle
 33512 | Orc:2    | Entered Level 2 of the Orcish Mines
 33759 | Orc:1    | Found Gihuoxkemo's General Store.
 33768 | Orc:1    | Noticed Jorgrun
 33777 | Orc:1    | Killed Jorgrun
 33778 | Orc:1    | Reached skill level 20 in Spellcasting
 33999 | Orc:1    | Bought an amulet of reflection for 480 gold pieces
 34425 | Orc:2    | Found a staircase to the Elven Halls.
 34930 | Orc:2    | Found Pekkos's Magic Scroll Shop.
 34932 | Orc:2    | Found Hyjakhluton's General Store.
 35168 | Orc:2    | Bought a scroll of teleportation for 42 gold pieces
 35168 | Orc:2    | Bought a scroll of blinking for 105 gold pieces
 35170 | Orc:2    | Bought a scroll of blinking for 120 gold pieces
 36451 | Orc:2    | Reached skill level 1 in Shields
 36552 | Orc:2    | Reached skill level 1 in Fighting
 36552 | Orc:2    | Reached skill level 1 in Armour
 37292 | Orc:2    | Found Ivorigeuff's Book Shoppe.
 37292 | Orc:2    | Found Reink's Antique Weapon Emporium.
 37293 | Orc:2    | Found a one-way gate leading to the halls of Pandemonium.
 37932 | D:11     | Noticed Erolcha
 37939 | D:11     | Killed Erolcha
 38158 | D:11     | Reached XP level 16. HP: 87/103 MP: 0/0
 38498 | D:11     | Found a stormy altar of Qazlal.
 38607 | Snake:1  | Entered Level 1 of the Snake Pit
 40781 | Snake:2  | Noticed Louise
 40782 | Snake:2  | Noticed Vashnia
 40875 | Snake:2  | Noticed Aizul
 40883 | Snake:2  | Noticed a nagaraja
 40883 | Snake:2  | Noticed a nagaraja
 40883 | Snake:2  | Noticed a nagaraja
 40891 | Snake:2  | Noticed Mlioglotl
 40892 | Snake:2  | Noticed Asterion
 40940 | Snake:2  | Found a frozen archway.
 40951 | IceCv    | Entered an ice cave
 42210 | IceCv    | Reached **** piety under Ashenzari
 42293 | IceCv    | Noticed a white draconian knight
 42348 | IceCv    | Killed a white draconian knight
 42587 | IceCv    | Identified the ring of Secrets {rN+ Will+ EV+4 Dex+2}
 42939 | IceCv    | Identified the ring of Biodojaf {rF+ rC+ Int-2 Dex+2 SInv}
 42940 | IceCv    | Identified the ring of Hiradyeri {Ice Int+8 Dex+3}
 42941 | IceCv    | Found the ring of Shadows {Umbra +Inv Stlth+}
 43129 | Snake:2  | Found Peveype's General Store.
 43137 | Snake:2  | Bought the +5 robe of Misfortune {Harm *Corrode *Slow EV+5}
                  | for 510 gold pieces
 43137 | Snake:2  | Found the +5 robe of Misfortune {Harm *Corrode *Slow EV+5}
 43137 | Snake:2  | Bought the +0 buckler "Earthly Heaven" {rF+ Regen+} for 222
                  | gold pieces
 43179 | Snake:2  | Killed Louise
 43255 | Snake:2  | Killed a nagaraja
 43313 | Snake:2  | HP: 2/112 [naga sharpshooter/bolt (22)]
 43600 | Snake:2  | Killed Aizul
 43601 | Snake:2  | Reached skill level 5 in Shields
 43614 | Snake:2  | Reached XP level 17. HP: 33/117 MP: 0/0
 43614 | Snake:2  | Learned a level 6 spell: Starburst
 43727 | Snake:2  | Reached skill level 5 in Fighting
 43727 | Snake:2  | Reached skill level 5 in Armour
 43740 | Snake:1  | Reached skill level 5 in Stealth
 44398 | Snake:3  | Reached skill level 21 in Spellcasting
 45238 | Snake:4  | Entered Level 4 of the Snake Pit
 45735 | Snake:4  | Identified the Compendium of Shape Shifting
 46544 | Snake:4  | Got a serpentine rune of Zot
 46753 | Snake:2  | Noticed an Executioner
 46769 | Snake:2  | Killed Asterion
 46878 | Snake:2  | Noticed an Executioner
 46890 | Snake:2  | Killed Mlioglotl
 46891 | Snake:2  | Reached XP level 18. HP: 116/131 MP: 0/0
 47055 | Shoals:1 | Entered Level 1 of the Shoals
 47086 | Shoals:1 | Found Babekita's Bounteous Boutique.
 47178 | Shoals:1 | Bought 3 scrolls of blinking for 292 gold pieces
 47739 | Shoals:1 | Found Jobiciro's Armour Emporium.
 47923 | Shoals:1 | Bought the +2 chain mail of the Oily God {rPois Regen+
                  | rCorr} for 500 gold pieces
 48706 | Shoals:2 | Noticed Frances
 48713 | Shoals:2 | Killed Frances
 49127 | Shoals:3 | Noticed Ilsuiw
 49489 | Shoals:3 | Killed Ilsuiw
 49673 | Shoals:3 | Found Pebir's General Store.
 49936 | Shoals:3 | Identified the +2 animal skin of Moral Flaws {+Blink Will+
                  | Dex+4}
 50006 | Shoals:3 | Reached ***** piety under Ashenzari
 50125 | Shoals:3 | Identified the +1 scale mail of Mepyhiy {rCorr Str+5}
 50530 | Shoals:4 | Entered Level 4 of the Shoals
 50599 | Shoals:4 | Reached XP level 19. HP: 118/145 MP: 0/0
 50599 | Shoals:4 | Learned a level 7 spell: Ozocubu's Refrigeration
 50612 | Shoals:4 | Identified the ring "Patroaq" {Wiz Int+4}
 51113 | Shoals:4 | Got a barnacled rune of Zot
 51348 | D:12     | Found Xietz's General Store.
 51355 | D:12     | Bought a scroll of blinking for 90 gold pieces
 51544 | D:12     | Found a hazy altar of Hepliaklqana.
 51826 | D:13     | Reached skill level 22 in Spellcasting
 52048 | D:13     | Found a gate to the Vaults.
 52087 | D:13     | Noticed Azrael
 52092 | D:13     | Killed Azrael
 52434 | D:13     | Reached ****** piety under Ashenzari
 52522 | D:13     | Identified the ring "Wuavair" {rCorr Str-5 Int+3 SInv}
 53006 | D:14     | Found a sacrificial altar of Ru.
 53088 | D:14     | Found a hide-covered altar of Uskayaw.
 53096 | D:14     | Noticed Agnes
 53103 | D:14     | Killed Agnes
 53299 | D:14     | Noticed Rupert
 53305 | D:14     | Killed Rupert
 53606 | D:15     | Entered Level 15 of the Dungeon
 53849 | D:15     | Found a staircase to the Depths.
 53882 | D:15     | Noticed Josephine
 53887 | D:15     | Killed Josephine
 54105 | D:15     | Identified a scroll of acquirement
 54114 | D:15     | Acquired 986 gold pieces
 54277 | Depths:1 | Entered Level 1 of the Depths
 54281 | Depths:1 | Reached XP level 20. HP: 153/162 MP: 0/0
 54481 | Elf:1    | Entered Level 1 of the Elven Halls
 54615 | Elf:1    | Found Obuhic's Armour Shoppe.
 54851 | Elf:1    | Reached skill level 10 in Shields
 54895 | Elf:1    | Identified Sif Muna's Almanac of Evil Arts
 55041 | Elf:1    | Reached skill level 10 in Armour
 55066 | Elf:1    | Identified the +1 robe of Mideh {Int+7}
 55149 | Elf:2    | Reached skill level 10 in Fighting
 55186 | Elf:2    | Found Vugig's Antique Weapon Shoppe.
 55186 | Elf:2    | Found Odday's General Store.
 55382 | Elf:2    | Found a runed translucent gate.
 55382 | Elf:2    | Found a runed translucent gate.
 55385 | Elf:2    | Found a runed translucent gate.
 56002 | Elf:3    | Entered Level 3 of the Elven Halls
 56043 | Elf:3    | Found Wenk's Distillery.
 56583 | Elf:3    | Identified the +2 plate armour "Mety" {Dex+2}
 56591 | Elf:3    | Identified the Collected Works on Torrid Hexes
 56607 | Elf:3    | Reached XP level 21. HP: 129/171 MP: 0/0
 56607 | Elf:3    | Learned a level 7 spell: Orb of Destruction
 56620 | Elf:3    | Reached skill level 10 in Stealth
 57519 | Slime:1  | Entered Level 1 of the Pits of Slime
 57527 | Slime:1  | Reached skill level 23 in Spellcasting
 57627 | Slime:1  | Gained mutation: Your spells are a little easier to cast,
                  | but a little less powerful. [a shining eye]
 58445 | Vaults:1 | Entered Level 1 of the Vaults
 59220 | Vaults:1 | Reached XP level 22. HP: 172/180 MP: 0/0
 60115 | Vaults:2 | Noticed Zenata
 60121 | Vaults:2 | Killed Zenata
 60122 | Vaults:2 | Reached skill level 5 in Dodging
 60354 | Vaults:2 | Upgraded the game from 0.29-a0-418-gc0181ea820 to
                  | 0.29-a0-422-gafbd6decc1
 60791 | Vaults:3 | Found Qafuychui's Assorted Antiques.
 60853 | Vaults:3 | Found a magical portal.
 60860 | WizLab   | Entered Wucad Mu's Monastery
 61078 | WizLab   | Found the +9 staff of Wucad Mu {*channel}
 61178 | WizLab   | Reached XP level 23. HP: 188/188 MP: 0/0
 61178 | WizLab   | Learned a level 7 spell: Monstrous Menagerie
 61616 | Vaults:3 | Bought a scroll of teleportation for 81 gold pieces
 61616 | Vaults:3 | Bought a potion of heal wounds for 135 gold pieces
 62029 | Vaults:3 | Found a staircase to the Crypt.
 62673 | Vaults:4 | Reached XP level 24. HP: 151/196 MP: 0/0
 62715 | Vaults:4 | Identified the amulet "Keuwewog" {Spirit Regen+ MP-9 Int+9}
 63124 | Vaults:4 | Identified the +7 war axe of the Egg {venom, Contam Str+3
                  | Dex+7}
 63166 | Vaults:4 | Reached skill level 10 in Dodging
 64213 | Vaults:4 | Noticed Donald
 64220 | Vaults:4 | Killed Donald
 64386 | Vaults:5 | Entered Level 5 of the Vaults
 64408 | Vaults:5 | Reached skill level 15 in Armour
 64408 | Vaults:5 | Reached XP level 25. HP: 154/205 MP: 0/0
 64408 | Vaults:5 | Learned a level 8 spell: Borgnjor's Revivification
 64597 | Vaults:5 | Identified the ring of Comoz {rPois rF+ Int+2 Dex+6 Slay-2}
 65030 | Vaults:5 | HP: 4/206 [titan/the air (36)]
 65030 | Vaults:5 | Killed from afar by a frost giant

Illustrated notes

Levels and vault maps discovered:
D:1:      dpeg_arrival_snail, layout_loops_ring,
          shapermc_ecumenical_altar_mp_urbaneastern, serial_shops,
          nicolae_diamond_shop
D:2:      layout_basic, uniq_jessica
D:3:      layout_basic, mainiacjoe_overflow_concentric_impassable
D:4:      layout_rooms, minivault_23, minmay_stone_trees_medium, uniq_sigmund
D:5:      layout_cave_pools, led_xom_imps, minmay_temple_entry_offerings,
          hangedman_feature_mirror, grunt_decor_fettered
D:6:      layout_loops_ring, mainiacjoe_overflow_small_starburst, serial_bayou,
          serial_bayou_ford_a, serial_bayou_lagoon_a, serial_bayou_lake_a,
          serial_bayou_pond_c
D:7:      layout_basic, nicolae_ossuary_entry_plus, ebering_ghost_gozag
D:8:      layout_rooms, lemuel_blue_sif_altar, enter_bailey_5, nzn_life_drinkers
D:9:      layout_loops_ring, uniq_psyche, uniq_erica
D:10:     layout_roguey, lair_entry_dummy, david_orc_4, hellmonk_ghost_big_iron,
          kennysheep_pointless_box, minivault_25_ag, minmay_lizard_king,
          uniq_lodul
D:11:     layout_rooms, nicolae_qazlal_style_of_elements, uniq_erolcha
D:12:     layout_roguey, serial_shops, shop,
          nicolae_hepliaklqana_monster_ancestors
D:13:     minmay_the_grid_plus_closed [minmay_the_grid_pillar_ring,
          minmay_the_grid_doors, minmay_the_grid_gridbox,
          minmay_the_grid_medium_cups, minmay_the_grid_prize_trominoes],
          layout_cave_pods, minmay_fractal_squares_diagonal_5, uniq_azrael
D:14:     layout_irregular_city, nicolae_ru_awakened_eye,
          nicolae_uskayaw_dance_hall, uniq_agnes, uniq_rupert
D:15:     hangedman_depths_entry_try_elsewhere_first, layout_gridville,
          amcnicky_mini_rare_corridor_liquid, uniq_josephine
Temple:   regret_index_temple_mists
Lair:1:   layout_gridlike, lemuel_fruit_fields, serial_bayou_shore_b
Lair:2:   hellmonk_ruined_rings, layout_chaotic_city, uniq_maggie
Lair:3:   minmay_guarded_unrand_snakebite, layout_regular_city,
          minmay_shoals_entry_lonely_mermaid,
          minmay_snake_entry_guardpost_small, ebering_ghost_funeral_grove,
          lemuel_fruit_fields, uniq_amaemon
Lair:4:   dreamdust_isle_of_ice, layout_cave_shapes,
          chequers_serial_rivers_large_b, dreamdust_gnoll_shepherd
Lair:5:   dpeg_oklob_gauntlet, layout_gridlike, beast_lair_carwin_5,
          grunt_megastairs_4, uniq_kirke
Lair:6:   guppyfry_lair_end_dragon, layout_loops_ring, slime_altar_1,
          lemuel_fruit_fields
Shoals:1: layout_shoals, serial_shops, nicolae_shop_trees,
          nicolae_alphabet_shops, nicolae_shoals_square_sea_wall,
          nicolae_shoals_undead_eyrie
Shoals:2: layout_shoals, uniq_frances
Shoals:3: argonaut_golden_fleece, layout_shoals, serial_shops,
          nicolae_shop_stone, uniq_ilsuiw
Shoals:4: shoals_end_grunt_garden, layout_shoals, shoal_ilsuiw
Snake:1:  layout_honeycomb
Snake:2:  nicolae_aizul_guard, layout_onion, serial_shops, shop,
          portal_ice_cave_entry_dragon, nicolae_fountain_basement,
          serial_bayou_shore_b, uniq_asterion, uniq_mlioglotl, uniq_vashnia,
          uniq_louise
Snake:3:  layout_chambers
Snake:4:  minmay_snake_end_coiled, layout_cave_town
Slime:1:  cheibrodos_slime_lost_civilization_10, layout_caves
Slime:2:  layout_caves
Orc:1:    layout_caves, serial_shops, shop, uniq_jorgrun, uniq_nergalle,
          uniq_fannar
Orc:2:    pf_orc_diabolical, layout_caves, mines2_david
Elf:1:    cheibrodos_elf_bladeworks, layout_loops_cross, serial_shops, shop,
          minmay_elf_necromancy, lemuel_flamethrower_3
Elf:2:    elven_hall_of_blades_hangedman_original [mumra_blade_entry_dagger],
          layout_geoelf_diagonals, glass_columns_a, nicolae_elf_deep_mausoleum,
          minmay_shoptagon
Elf:3:    minmay_elf_hall_dome, layout_onion_city, serial_shops,
          nicolae_shop_crystal, grunt_megastairs_2
Vaults:1: hangedman_vaults_capsules, hangedman_vaults_stitches,
          vaults_dpeg_ring, vaults_mumra_hexcomb,
          vaults_standard_mumra_enter_the_diamond, hangedman_vaults_impose,
          nicolae_vaults_gold_heap, vaults_room_pool,
          vaults_room_stairs_pillars, layout_vaults_chaotic_city
Vaults:2: vaults_room_pools, hangedman_vaults_trim, hangedman_vaults_nails,
          st_cells, v_misc_24, nicolae_vaults_network_s,
          nicolae_vaults_shelves_hall, nicolae_vaults_stairing_the_circle,
          ontoclasm_vaults_misaligned, v_misc_2, grunt_vaults_hallway_long,
          v_misc_27, ontoclasm_vaults_pinch, layout_vaults_ring, uniq_zenata
Vaults:3: mu_enter_wizlab_1, ontoclasm_vaults_claustrophobia, vaults_room_grid,
          v_pattern_5, v_misc_19, v_misc_3, nicolae_vaults_little_squares_2,
          v_alt_pattern_5, minmay_crypt_entry_simple_sparse,
          layout_vaults_quadrants, serial_shops, nicolae_shop_advertising_works
          [nicolae_subvault_shop_adworks]
Vaults:4: vaults_room_hallway, vaults_room_stairs_pillars,
          hangedman_vaults_slither, v_misc_19, vaults_mumra_minichess_inversion,
          grunt_vaults_funneled_arena, vaults_dpeg_encased_lava,
          nicolae_vaults_three_branches, nicolae_vaults_what_the_h,
          grunt_vaults_swirl, nicolae_vaults_rhombus_5,
          nicolae_vaults_yaktaur_gun_rack, vaults_room_pool,
          nicolae_vaults_little_squares_3, ontoclasm_vaults_bender,
          layout_vaults_maze, uniq_donald
Vaults:5: serial_shops
Depths:1: layout_small_grid, hellmouth_1, chequers_serial_rivers_small_b,
          abyss_entry_small_statue_room, nemelex_spade_bored_becter,
          minmay_shop_grove, grunt_megastairs_3

Skill      XL: |  1  2  3  4  5  6  7  8  9 10 11 12 13 14 15 16 17 18 19 20 21 22 23 24 25 |
---------------+----------------------------------------------------------------------------+-----
Spellcasting   | 4 5 6 7 8 10 12 14 16 17 19 20 21 22 23 | 23.2
Shields        | 2 5 6 8 9 10 11 12 13 14 | 14.0
Fighting       | 2 4 6 8 9 10 11 12 13 14 | 14.0
Armour         | 2 4 6 8 9 10 11 12 13 15 | 15.6
Stealth        | 2 4 6 7 9 10 11 12 13 | 13.0
Dodging        | 7 8 11 12 | 12.9

Action                   |  1- 3 |  4- 6 |  7- 9 | 10-12 | 13-15 | 16-18 | 19-21 | 22-24 | 25-27 || total
-------------------------+-------+-------+-------+-------+-------+-------+-------+-------+-------++-------
Melee: Staff             |       |       |       |       |       |    18 |     1 |       |       ||    19
 Cast: Magic Dart        |    51 |    89 |    58 |       |     9 |     6 |     1 |       |       ||   214
       Searing Ray       |     1 |     8 |    18 |       |       |       |       |       |       ||    27
       Iskenderun's Myst |       |     7 |    22 |    26 |   112 |    99 |    33 |    56 |    26 ||   381
       Fulminant Prism   |       |     7 |    17 |    25 |    68 |    87 |     5 |     7 |     2 ||   218
       Airstrike         |       |       |    40 |   242 |   444 |   652 |   102 |    44 |    22 ||  1546
       Yara's Violent Un |       |       |       |       |     2 |    21 |     4 |    11 |       ||    38
       Starburst         |       |       |       |       |       |     1 |       |       |       ||     1
       Ozocubu's Refrige |       |       |       |       |       |       |   452 |   318 |    61 ||   831
       Orb of Destructio |       |       |       |       |       |       |       |     1 |       ||     1
       Monstrous Menager |       |       |       |       |       |       |       |     3 |       ||     3
Invok: Curse Item        |       |       |       |     3 |     2 |     4 |     3 |       |       ||    12
       Shatter the Chain |       |       |       |       |       |     2 |     1 |       |       ||     3
Evoke: Wand              |       |       |     2 |       |       |       |       |       |       ||     2
  Use: Scroll            |       |       |     5 |     7 |     2 |    13 |     3 |       |     2 ||    32
       Potion            |       |       |     1 |       |     4 |     8 |       |     5 |     3 ||    21
Armor: Robe              |       |     3 |     1 |     3 |     6 |     5 |       |       |       ||    18
       Chain mail        |       |       |       |       |       |    23 |    75 |    69 |    12 ||   179
Dodge: Dodged            |     5 |     6 |    19 |    16 |    49 |    72 |    23 |    34 |    14 ||   238
Block: Buckler           |       |       |       |     1 |    24 |    93 |    97 |   126 |    26 ||   367
       Reflection        |       |       |       |       |     1 |    31 |    33 |    27 |       ||    92

Table legend: (Time is in decaauts)
 A = Elapsed time spent in this place.
 B = Non-inter-level travel time spent in this place.
 C = Inter-level travel time spent in this place.
 D = Time resting spent in this place.
 E = Time spent auto-exploring this place.
 F = Levels seen in this place.
 G = Mean time per level.
                   A        B        C        D        E       F      G
               +--------+--------+--------+--------+--------+-----+--------+
         Total |  65071 |  61376 |   3695 |  16701 |  36407 |  46 | 1414.6 |
       Dungeon |  21115 |  19896 |   1219 |   4075 |  13907 |  15 | 1407.7 |
        Temple |    152 |    109 |     43 |      0 |     91 |   1 |  152.0 |
          Lair |  15755 |  14794 |    961 |   5411 |   8379 |   6 | 2625.8 |
        Shoals |   4125 |   3821 |    304 |    523 |   2493 |   4 | 1031.2 |
     Snake Pit |   6326 |   5979 |    347 |   1706 |   3361 |   4 | 1581.5 |
    Slime Pits |    712 |    653 |     59 |     57 |    454 |   2 |  356.0 |
  Orcish Mines |   4648 |   4445 |    203 |   2079 |   1916 |   2 | 2324.0 |
   Elven Halls |   2821 |   2475 |    346 |    232 |   1448 |   3 |  940.3 |
        Vaults |   6174 |   5964 |    210 |    661 |   3628 |   5 | 1234.8 |
        Depths |     12 |     12 |      0 |      0 |      0 |   1 |   12.0 |
       Ossuary |    768 |    768 |      0 |    379 |    310 |   1 |  768.0 |
      Ice Cave |   2061 |   2061 |      0 |   1477 |    279 |   1 | 2061.0 |
        Wizlab |    396 |    396 |      0 |    101 |    141 |   1 |  396.0 |
               +--------+--------+--------+--------+--------+-----+--------+

Top non-repeatable levels by time:
  Lair:3: 3932 daAuts
  Lair:4: 3329 daAuts
   Orc:2: 3299 daAuts
    D:10: 3018 daAuts
  Lair:6: 2617 daAuts
     D:9: 2491 daAuts
 Snake:1: 2359 daAuts
     D:7: 2346 daAuts
  Lair:5: 2232 daAuts
   IceCv: 2061 daAuts
  Lair:2: 1964 daAuts
Vaults:4: 1960 daAuts
  Lair:1: 1680 daAuts
     D:8: 1645 daAuts
     D:4: 1507 daAuts
